 Dungeon Sprint DCSS version 0.30.1-4-g462c640d31 (webtiles) character file.

Game seed: 1561777708947058529

432 Heoruswealwe the Thaumaturge (level 6, -4/32 HPs)
             Began as a Deep Elf Conjurer on Sept 5, 2023.
             Was the Champion of Zin.
             Slain by Sonja
             ... wielding a +2 dagger of distortion
              (19 damage)
             ... in the Dungeon (Sprint I: "Red Sonja").
             The game lasted 00:04:17 (240 turns).

Heoruswealwe the Thaumaturge (Deep Elf Conjurer)     Turns: 240, Time: 00:04:18

Health: -4/32      AC:  4    Str:  4    XL:     6   Next: 67%
Magic:  24/24      EV: 12    Int: 25    God:    Zin [******]
Gold:   281        SH:  0    Dex: 13    Spells: 17/31 levels left

rFire   . . .        a - +0 scythe
rCold   . . .        (shield currently unavailable)
rNeg    . . .        c - +2 robe {Will+}
rPois   .            (no helmet)
rElec   .            (no cloak)
rCorr   .            (no gloves)
SInv    .            (no boots)
Will    +....        (no amulet)
Stlth   ++           (no ring)
HPRegen 0.25/turn    (no ring)
MPRegen 0.19/turn

%: no teleportation
@: no status effects
A: no striking features
a: Renounce Religion, Recite, Vitalisation, Imprison, Sanctuary, Donate Gold


You were in the Dungeon.
You worshipped Zin.
Zin was exalted by your worship.
You visited 1 branch You collected 312 gold pieces.
You donated 31 gold pieces to Zin.

Inventory:

Hand Weapons
 a - a +0 scythe (weapon)
Armour
 c - a +2 robe of willpower (worn)
Wands
 e - a wand of iceblast (3)
Potions
 b - 3 potions of magic
 d - a potion of heal wounds
 f - a potion of curing


   Skills:
 - Level 2.4 Dodging
 - Level 2.4 Stealth
 + Level 13.4 Spellcasting
 + Level 11.9 Conjurations


You had 17 spell levels left.
You knew the following spells:

 Your Spells              Type           Power      Damage    Failure   Level
a - Magic Dart            Conj           100%       1d8       1%          1
b - Searing Ray           Conj           100%       2d8       1%          2
c - Dazzling Flash        Conj/Hex       92%        N/A       1%          3
d - Fulminant Prism       Conj/Hex       23%        3d12      3%          4
e - Iskenderun's Mystic   Conj/Tloc      46%        2d10      3%          4

Your spell library contained the following spells:

 Spells                   Type           Power      Damage    Failure   Level


Dungeon Overview and Level Annotations

Branches:
Dungeon (1/1)

Altars:
Cheibriados
Dithmenos
Elyvilon
Fedhas
Gozag
Hepliaklqana
Kikubaaqudgha
Nemelex Xobeh
Okawaru
Qazlal
Ru
Sif Muna
Trog
Uskayaw
Vehumet
Wu Jian
Yredelemnul
Zin
The Shining One

Shops:
D =

Annotations:
D Sonja


Message History

The spell is quite dangerous to miscast (4% risk of failure)!
Continue anyway?
You erupt in a blast of force!
The mystic blast hits the yak.
You kill the yak!
Your Spellcasting skill increases to level 13!
Your Conjurations skill increases to level 11!
You see here a yak corpse.
Found an opulent altar of Gozag.
There is an open door here.
Found a sparkling altar of Nemelex Xobeh.
There is a bloodstained altar of Trog here.
There is a glowing silver altar of Zin here.
You kneel at the altar of Zin.
Zin welcomes you!
You pay a tithe of 31 gold.
You can now recite Zin's Axioms of Law.
You can now call upon Zin for vitalisation.
You can now call upon Zin to imprison the lawless.
You can now call upon Zin to create a sanctuary.
Zin will now cleanse your potions of mutation.
You can now donate money to Zin.
There is a bloodstained altar of Trog here.
There is an entrance to Kohomoce's Jewellery Emporium here.
You can access your shopping list by pressing '$'.
There is an open door here.
You start resting.
Magic restored.
You open the door.
Sonja, the Graceful Assassin comes into view.
She is wielding a +2 dagger of distortion and quivering curare-tipped darts.
Sonja shouts!
Sonja gestures wildly while chanting.
Sonja blinks!
Sonja hits you with a +2 dagger of distortion.
Space warps around you. Sonja hits you but does no damage.
Sonja hits you with a +2 dagger of distortion.
Found 108 gold pieces.
Sonja attacks as you move away!
Sonja hits you with a +2 dagger of distortion.
Space warps horribly around you!!
Ouch! That really hurt!
You die...

################
#<.#..'..#..'..#
#..'[)#..').#..+
#..#####'#####'#
#..####..#...#[#
#..#__####..##)#
#..#_____##'#_.+
#⌠⌠#_.∩...'.K†_#
####_..__##_@#'#
#_____###'#.#
####### #.###
$.$ $§$ ##.##
#+#


You could see Sonja.

Vanquished Creatures
  Sigmund (D)
  A yak (D)
  An ogre (D)
  A jelly (D)
  Ijyb (D)
5 creatures vanquished.

Vanquished Creatures (others)
  A fulminant prism (D)
1 creature vanquished.

Grand Total: 6 creatures vanquished

Notes
Turn   | Place    | Note
-------+----------+-------------------------------------------
     0 | D        | Heoruswealwe the Deep Elf Conjurer began the quest for the
                  | Orb.
     0 | D        | Reached XP level 1. HP: 10/10 MP: 6/6
     1 | D        | Noticed Ijyb
    11 | D        | Killed Ijyb
    12 | D        | Reached skill level 6 in Spellcasting
    12 | D        | Reached XP level 2. HP: 13/15 MP: 7/11
    19 | D        | Learned a level 2 spell: Searing Ray
    53 | D        | Noticed an ogre
    57 | D        | Killed an ogre
    58 | D        | Reached skill level 9 in Spellcasting
    58 | D        | Reached XP level 3. HP: 19/19 MP: 9/15
    58 | D        | Reached XP level 4. HP: 24/24 MP: 10/17
    62 | D        | Learned a level 3 spell: Dazzling Flash
    67 | D        | Learned a level 4 spell: Fulminant Prism
    72 | D        | Learned a level 4 spell: Iskenderun's Mystic Blast
   104 | D        | Noticed Sigmund
   106 | D        | Killed Sigmund
   107 | D        | Reached skill level 11 in Spellcasting
   107 | D        | Reached skill level 10 in Conjurations
   107 | D        | Reached XP level 5. HP: 28/28 MP: 18/21
   107 | D        | Reached XP level 6. HP: 32/32 MP: 18/22
   134 | D        | Found an ornate altar of the Wu Jian Council.
   134 | D        | Found a shimmering blue altar of Sif Muna.
   136 | D        | Found a radiant altar of Vehumet.
   139 | D        | Reached skill level 12 in Spellcasting
   166 | D        | Found Kohomoce's Jewellery Emporium.
   166 | D        | Found an ancient bone altar of Kikubaaqudgha.
   166 | D        | Found a hazy altar of Hepliaklqana.
   166 | D        | Found a stormy altar of Qazlal.
   166 | D        | Found a hide-covered altar of Uskayaw.
   166 | D        | Found a blossoming altar of Fedhas.
   166 | D        | Found a bloodstained altar of Trog.
   166 | D        | Found an iron altar of Okawaru.
   166 | D        | Found a basalt altar of Yredelemnul.
   166 | D        | Found a glowing golden altar of the Shining One.
   166 | D        | Found a snail-covered altar of Cheibriados.
   166 | D        | Found a sacrificial altar of Ru.
   166 | D        | Found a glowing silver altar of Zin.
   166 | D        | Found a shadowy altar of Dithmenos.
   166 | D        | Found a white marble altar of Elyvilon.
   166 | D        | Noticed a yak
   174 | D        | Killed a yak
   175 | D        | Reached skill level 13 in Spellcasting
   178 | D        | Found an opulent altar of Gozag.
   179 | D        | Found a sparkling altar of Nemelex Xobeh.
   184 | D        | Became a worshipper of Zin the Law-Giver
   184 | D        | Reached * piety under Zin
   184 | D        | Reached ** piety under Zin
   184 | D        | Reached *** piety under Zin
   184 | D        | Reached **** piety under Zin
   184 | D        | Reached ***** piety under Zin
   184 | D        | Reached ****** piety under Zin
   239 | D        | Noticed Sonja
   240 | D        | Slain by Sonja

Illustrated notes

Levels and vault maps discovered:
D:        dungeon_sprint_1 [red_sonja_temple_1, red_sonja_temple_small_1]

Skill      XL: |  1  2  3  4  5  6 |
---------------+-------------------+-----
Spellcasting   | 6 9 11 13 | 13.4
Conjurations   | 6 8 10 11 | 11.9
Dodging        | |  2.4
Stealth        | |  2.4

Action                     |  1- 3 |  4- 6 || total
---------------------------+-------+-------++-------
  Melee: Unarmed           |     7 |       ||     7
   Cast: Searing Ray       |     1 |     1 ||     2
         Iskenderun's Myst |       |     2 ||     2
         Fulminant Prism   |       |     1 ||     1
  Evoke: Wand              |     2 |     2 ||     4
    Use: Potion            |     2 |       ||     2
         Scroll            |     1 |       ||     1
 Armour: Robe              |       |     1 ||     1
  Dodge: Dodged            |     4 |       ||     4
